 Dungeon Crawl Stone Soup version 0.31-a0-876-gfe8ebadbca (webtiles) character file.

Game seed: 15469868842647354274

71 BinkBink the Trooper (level 4, -5/49 HPs)
             Began as an Ogre Hunter on Oct 13, 2023.
             Killed from afar by an orc wizard (8 damage)
             ... with a magic dart
             ... on level 3 of the Dungeon.
             The game lasted 00:02:18 (1432 turns).

BinkBink the Trooper (Ogre Hunter)                  Turns: 1432, Time: 00:02:19

Health: -5/49      AC:  3    Str: 17    XL:     4   Next: 24%
Magic:  4/4        EV: 10    Int: 10    God:
Gold:   100        SH:  0    Dex: 12    Spells: 3/3 levels left

rFire   . . .        h - +0 mace
rCold   . . .        (no shield)
rNeg    . . .        c - +0 robe
rPois   .            (helmet restricted)
rElec   .            (no cloak)
rCorr   .            (gloves unavailable)
SInv    .            (boots unavailable)
Will    .....        (no amulet)
Stlth   +            (no ring)
HPRegen 0.28/turn    (no ring)
MPRegen 0.09/turn

%: no passive effects
@: no status effects
A: large, unfitting armour, tough skin 1
a: no special abilities


You were on level 3 of the Dungeon.
You visited 1 branch of the dungeon, and saw 3 of its levels.

You collected 100 gold pieces.

Inventory:

Hand Weapons
 a - a +0 shortbow
 h - a +0 mace (weapon)
Armour
 c - a +0 robe (worn)
Wands
 i - a wand of iceblast (12)
Scrolls
 b - 2 scrolls of butterflies
 d - 4 scrolls of identify {unknown}
 e - 3 scrolls of immolation {unknown}
 j - a scroll of silence {unknown}
 k - a scroll of vulnerability {unknown}
 m - a scroll of fog {unknown}
 n - 2 scrolls of amnesia {unknown}
Potions
 f - a potion of attraction {unknown}
 g - 2 potions of magic {unknown}
 l - a potion of resistance {unknown}


   Skills:
 * Level 4.7 Fighting
 + Level 1.0 Maces & Flails
 - Level 2.9 Ranged Weapons
 + Level 2.5 Dodging
 - Level 0.6 Stealth


You had 3 spell levels left.
You didn't know any spells.
Your spell library contained the following spells:

 Spells                   Type           Power      Damage    Failure   Level
 Sting                    Tmut/Pois      0%         1d3       36%         1
 Ensorcelled Hibernation  Hex/Ice        0%         N/A       50%         2
 Passwall                 Tmut/Erth      0%         N/A       50%         2
 Poisonous Vapours        Pois/Air       0%         N/A       50%         2
 Swiftness                Air            0%         N/A       75%         3
 Olgreb's Toxic Radiance  Pois           0%         N/A       98%         4


Dungeon Overview and Level Annotations

Branches:
Dungeon (3/15)

Altars:
Zin


Innate Abilities, Weirdness & Mutations

You are too large for most types of armour.
You have tough skin. (AC +1)


Message History

The arrow hits the orc but does no damage.
The orc is moderately wounded.
The orc barely misses you.
You shoot an arrow. The arrow barely misses the orc.
Something hits you. The orc misses you. The orc hits you but does no damage.
You shoot an arrow. The arrow barely misses the orc.
Something hits you. The orc barely misses you. x2
You shoot an arrow. The arrow barely misses the orc.
You hear some strange, mumbled words.
Something tries to affect you, but you resist.
The orc hits you with a +0 whip. The orc misses you.
The orc hits you with a +0 whip. Something hits you.
The orc hits you but does no damage.
You shoot an arrow. The arrow closely misses the orc.
Something hits you. The orc barely misses you.
The orc hits you with a +0 dagger.
h - a +0 mace (weapon)
You miss something. Something hits you but does no damage.
The orc barely misses you. The orc hits you with a +0 dagger.
The orc barely misses you. Something hits you.
The orc hits you with a +0 dagger.
You barely miss something. Something hits you. The orc barely misses you. x2
You miss something.
You hear some strange, mumbled words.
A puff of flame appears from out of thin air!
The puff of flame hits you!
* * * LOW HITPOINT WARNING * * *
The orc barely misses you. x2
You barely miss the orc. Something hits you.
* * * LOW HITPOINT WARNING * * *
The orc closely misses you. x2; The orc hits you with a +0 dagger.
* * * LOW HITPOINT WARNING * * *
The orc hits you with a +0 whip.
* * * LOW HITPOINT WARNING * * *
Something hits you.
* * * LOW HITPOINT WARNING * * *
You barely miss the orc.
You hear some strange, mumbled words.
A magic dart appears from out of thin air!
The magic dart hits you!
You die...

##.#....# .
.......### ..
......... ..
#......#
#.#.##......###
.......†.......
###
#......{o......
..# #@o#.# #.#
#..#.# #.#
#.###..#.####.#
#.#
#..........<..#
#.#
#####..#.######
##.## .....#.#
#####...#
#####.#.#
#....#†#. #.#.#
###...##.##
#.#.###........#.


You could see 2 orcs.

Vanquished Creatures
  2 adders
  A worm (D:2)
  3 dart slugs
  An orc (D:3)
  2 endoplasms
  A giant cockroach (D:1)
  4 goblins
  5 hobgoblins
  5 kobolds
  2 ball pythons
  7 bats
  4 frilled lizards
  6 rats
43 creatures vanquished.

Notes
Turn   | Place    | Note
-------+----------+-------------------------------------------
     0 | D:1      | BinkBink the Ogre Hunter began the quest for the Orb.
     0 | D:1      | Reached XP level 1. HP: 22/22 MP: 1/1
    79 | D:1      | Reached skill level 3 in Fighting
   142 | D:1      | Reached XP level 2. HP: 31/31 MP: 2/2
   712 | D:2      | Reached skill level 4 in Fighting
   712 | D:2      | Reached XP level 3. HP: 35/39 MP: 3/3
   923 | D:2      | Found a glowing silver altar of Zin.
  1221 | D:2      | Reached XP level 4. HP: 45/49 MP: 4/4
  1317 | D:3      | Reached skill level 1 in Maces & Flails
  1432 | D:3      | Killed from afar by an orc wizard

Illustrated notes

Levels and vault maps discovered:
D:1:      minmay_arrival_up_and_down, layout_basic
D:2:      layout_loops_ring, basic_altar
D:3:      layout_loops_ring, shapermc_ecumenical_altar_starsandcircs

Skill      XL: |  1  2  3  4 |
---------------+-------------+-----
Fighting       | 3 4 |  4.7
Dodging        | 2 |  2.5
Maces & Flails | 1 |  1.0
Ranged Weapons | |  2.9
Stealth        | |  0.6

Action                     |  1- 3 |  4- 6 || total
---------------------------+-------+-------++-------
  Melee: Mace              |       |     5 ||     5
   Fire: Shortbow          |   115 |    25 ||   140
 Armour: Robe              |    35 |    30 ||    65
  Dodge: Dodged            |    22 |    25 ||    47

Table legend: (Time is in decaauts)
 A = Elapsed time spent in this place.
 B = Non-inter-level travel time spent in this place.
 C = Inter-level travel time spent in this place.
 D = Time resting spent in this place.
 E = Time spent auto-exploring this place.
 F = Levels seen in this place.
 G = Mean time per level.
                   A        B        C        D        E       F      G
               +--------+--------+--------+--------+--------+-----+--------+
         Total |   1467 |   1413 |     54 |      0 |   1157 |   3 |  489.0 |
       Dungeon |   1467 |   1413 |     54 |      0 |   1157 |   3 |  489.0 |
               +--------+--------+--------+--------+--------+-----+--------+

Top non-repeatable levels by time:
     D:2: 657 daAuts
     D:1: 655 daAuts
     D:3: 154 daAuts
